AoeStats
← Tavik

Highland

505327748Analyzed
2v2 RM · 24d ago on Sep 8, 2026· 49m 16s· 4 players
Game mode
Random Map
Map size
Medium (4 player)
Population
200
Speed
Normal
Resources
Standard
Victory
Conquest
Starting age
Dark Age
Ending age
Imperial Age
RankedLock teamsTeams togetherTeam positionsShared explorationLock speedFull tech treeHidden civsTurbo modeCheats
Victory
Defeat
🇺🇸 Mapuche · United States
1368
+16
🇪🇸 Sicilians · Spain
1358
+16
🇨🇿 Wu · Czechia
1408
-17
🇨🇿 Magyars · Czechia
1330
-15
Husky
8:08 Loom
11:40 Feudal Age
15:30 Forging
15:21 Scale Mail Armor
19:26 Horse Collar
20:53 Fletching
21:51 Double-Bit Axe
28:47 Castle Age
31:53 Wheelbarrow
32:55 Chain Mail Armor
33:15 Iron Casting
33:34 First Crusade
33:17 Squires
33:10 Arson
39:02 Imperial Age
37:34 Bodkin Arrow
38:35 Bow Saw
38:29 Heavy Plow
39:14 Elite Serjeant
40:29 Plate Mail Armor
40:55 Conscription
41:58 Hoardings
41:47 Masonry
42:38 Chemistry
45:55 Arrowslits
47:48 Blast Furnace
46:50 Bracer
47:19 Gold Mining
47:18 Pikeman
47:24 Pikeman
48:37 Halberdier
48:52 Halberdier
Hotel
7:37 Loom
10:06 Feudal Age
11:33 Double-Bit Axe
12:08 Horse Collar
14:31 Fletching
15:47 Padded Archer Armor
20:25 Wheelbarrow
24:47 Castle Age
25:19 Castle Age
25:28 Gold Mining
25:33 Town Watch
25:49 Crossbowman
26:27 Bodkin Arrow
26:49 Leather Archer Armor
30:33 Bow Saw
30:31 Heavy Plow
31:45 Ballistics
38:36 Imperial Age
36:23 Hand Cart
40:25 Chemistry
39:41 Malon
39:57 Elite Bolas Rider
40:04 Champi Runner
41:54 Ring Archer Armor
41:31 Scale Mail Armor
43:24 Elite Skirmisher
44:41 Siege Engineers
49:03 Conscription
Melioth
2:48 Loom
11:44 Feudal Age
30:18 Horse Collar
37:50 Castle Age
35:40 Double-Bit Axe
36:05 Stone Mining
36:08 Gold Mining
38:02 Scale Barding Armor
38:25 Bloodlines
39:05 Chain Barding Armor
46:21 Bow Saw
47:07 Heavy Plow
49:59 Wheelbarrow
Tavik
12:15 Feudal Age
16:05 Castle Age
16:48 Fletching
17:15 Double-Bit Axe
17:27 Bodkin Arrow
18:29 Bow Saw
19:09 Horse Collar
27:22 Town Watch
27:23 Loom
28:57 Ballistics
29:19 Wheelbarrow
35:10 Imperial Age
34:47 Red Cliffs Tactics
36:03 Bracer
36:04 Padded Archer Armor
36:33 Murder Holes
39:33 Chemistry
38:58 Leather Archer Armor
39:00 Elite Fire Archer
43:57 Scale Barding Armor
44:03 Forging
44:20 Heavy Hei Guang Cavalry
45:01 Husbandry
45:12 Bloodlines
45:24 Light Cavalry
48:22 Chain Barding Armor
Connection lost

Rejoining the realm…

Still unreachable

The connection could not be restored.

Session expired

The server has moved on; the page needs a fresh start.